 Dungeon Crawl Stone Soup version 0.29.1-1-gd02db6906a (webtiles) character file.

Game seed: 6799720923910792188

102 safid the Shooter (level 4, -3/38 HPs)
             Began as a Minotaur Hunter on Oct 21, 2022.
             Slain by a hobgoblin (5 damage)
             ... led by Robin
             ... on level 3 of the Dungeon.
             The game lasted 00:02:47 (1756 turns).

safid the Shooter (Minotaur Hunter)                 Turns: 1756, Time: 00:02:48

Health: -3/38      AC:  3    Str: 15    XL:     4   Next: 49%
Magic:  3/3        EV: 12    Int:  6    God:
Gold:   160        SH:  0    Dex: 16    Spells: 3/3 levels left

rFire   . . .      SeeInvis .   a - +0 shortbow
rCold   . . .      Faith    .   (shield currently unavailable)
rNeg    + . .      Spirit   .   c - +0 leather armour
rPois   +          Reflect  .   (helmet restricted)
rElec   .          Harm     .   (no cloak)
rCorr   +          Rampage  .   (no gloves)
Will    .....                   (no boots)
Stlth   +.........              (no amulet)
HPRegen 0.12/turn               p - ring "Entoip" {rPois rN+ rCorr}
MPRegen 0.08/turn               (no ring)

@: no status effects
A: horns 2, retaliatory headbutt
a: no special abilities


You were on level 3 of the Dungeon.
You visited 1 branch of the dungeon, and saw 3 of its levels.

You collected 160 gold pieces.

Inventory:

Hand Weapons
 a - a +0 shortbow (weapon)
Armour
 c - a +0 leather armour (worn)
Jewellery
 p - the ring "Entoip" (left hand) {rPois rN+ rCorr}
   (You found it on level 2 of the Dungeon)

   [ring of resist corrosion]

   rPois:     It protects you from poison.
   rN:        It protects you from negative energy.
   rCorr:     It protects you from acid and corrosion.
Wands
 q - a wand of charming (8)
Scrolls
 b - 2 scrolls of immolation
 d - 2 scrolls of enchant armour {unknown}
 e - a scroll of teleportation {unknown}
 h - a scroll of magic mapping {unknown}
 j - a scroll of summoning {unknown}
 k - a scroll of blinking {unknown}
 l - a scroll of fog {unknown}
 m - a scroll of vulnerability {unknown}
Potions
 f - a potion of curing {unknown}
 g - a potion of resistance {unknown}
 i - a potion of cancellation {unknown}
 n - a potion of ambrosia {unknown}
 o - a potion of heal wounds {unknown}
 r - a potion of flight {unknown}


   Skills:
 - Level 3.0 Fighting
 + Level 6.4 Ranged Weapons
 - Level 2.1 Dodging
 - Level 0.7 Stealth


You had 3 spell levels left.
You didn't know any spells.
Your spell library contained the following spells:

 Spells                   Type           Power      Damage    Failure   Level
 Beastly Appendage        Tmut           0%         N/A       52%         1
 Freeze                   Ice            0%         1d3       52%         1
 Wereblood                Tmut           0%         N/A       67%         2
 Frozen Ramparts          Ice            0%         1d1       88%         3
 Spider Form              Tmut/Pois      0%         N/A       88%         3
 Hailstorm                Conj/Ice       0%         3d3       99%         4


Dungeon Overview and Level Annotations

Branches:
Dungeon (3/15)

Altars:

Annotations:
D:3 Robin


Innate Abilities, Weirdness & Mutations

You have a pair of horns on your head.
You reflexively headbutt those who attack you in melee.


Message History

The goblin barely misses you. You furiously retaliate!
You headbutt the goblin!
You kill the goblin!
The goblin barely misses you. Robin throws the goblin at you!
The goblin hits you with a +0 dagger.
You are too injured to fight recklessly!
Unknown command.
You are too injured to fight recklessly!
Unknown command.
You are too injured to fight recklessly!
Unknown command.
Fire: a) +0 shortbow
Press: ? - help, Q - select action, (/) - cycle Shift-Dir - straight line, f - goblin
Aim: a goblin, wielding a +0 dagger (strong, 58% to hit)
You shoot an arrow. The arrow closely misses the goblin.
The goblin closely misses you. x2; You furiously retaliate!
You headbutt the goblin.
You kill the goblin!
The goblin hits you with a +0 dagger.
Unknown command.
Fire: a) +0 shortbow
Press: ? - help, Q - select action, (/) - cycle Shift-Dir - straight line, f - Robin
Aim: Robin, wielding a +0 whip, wearing a +0 animal skin and wearing a +0 helmet (71% to hit)
You shoot an arrow. The arrow hits Robin.
Robin is moderately wounded.
The goblin hits you with a +0 club.
* * * LOW HITPOINT WARNING * * *
The goblin misses you. Robin throws the goblin at you!
* * * LOW HITPOINT WARNING * * *
The hobgoblin misses you.
Unknown command.
Fire: a) +0 shortbow
Press: ? - help, Q - select action, (/) - cycle Shift-Dir - straight line, f/p - Robin
Aim: Robin, wielding a +0 whip, wearing a +0 animal skin and wearing a +0 helmet (moderately wounded, 71% to hit)
You shoot an arrow. The arrow hits Robin!
Robin is severely wounded.
The goblin hits you with a +0 club.
* * * LOW HITPOINT WARNING * * *
The goblin barely misses you. You furiously retaliate!
You headbutt the goblin. Robin barely misses you. The hobgoblin hits you.
You die...

#...P~≈~~≈~~~..#.#...#
###.~~≈≈≈≈~~~~.....###
#P≈≈~~~≈≈≈~~.#......
#.P.~~≈≈~~~........#
#P...~~~~~.P........
#...P.~~~P...###....
##..P~~~.............
#..)Pg~P..P....##....
#..g@PP.P.PPP. #....
#.rg)g........ #.....
#.)#########.. ##....
.... . #.... #.#† #.#)
. .#


You could see Robin, a hobgoblin (strong), 2 goblins and a rat.

Vanquished Creatures
  3 adders (D:2)
  A worm (D:2)
  A dart slug (D:2)
  An orc (D:3)
  3 ball pythons (D:2)
  4 bats
  5 endoplasms
  2 giant cockroaches
  11 goblins
  7 hobgoblins
  4 jackals (D:1)
  2 quokkas
  3 frilled lizards
  7 kobolds
  8 rats
62 creatures vanquished.

Vanquished Creatures (others)
  A plant (D:3)
1 creature vanquished.

Grand Total: 63 creatures vanquished

Notes
Turn   | Place    | Note
-------+----------+-------------------------------------------
     0 | D:1      | safid the Minotaur Hunter began the quest for the Orb.
     0 | D:1      | Reached XP level 1. HP: 18/18 MP: 0/0
   301 | D:1      | Found a faded altar of an unknown god.
   357 | D:1      | Reached XP level 2. HP: 26/26 MP: 1/1
   561 | D:1      | Reached skill level 5 in Ranged Weapons
   799 | D:1      | Reached XP level 3. HP: 31/31 MP: 2/2
  1412 | D:2      | Reached XP level 4. HP: 38/38 MP: 3/3
  1416 | D:2      | Reached skill level 6 in Ranged Weapons
  1633 | D:2      | Identified the ring "Entoip" {rPois rN+ rCorr}
  1743 | D:3      | Noticed Robin
  1756 | D:3      | Slain by a hobgoblin

Illustrated notes

Levels and vault maps discovered:
D:1:      onia_arrival_mini_maze_b, layout_rooms,
          hellmonk_ecumenical_altar_heavens_door, nicolae_figureground_sparkle
D:2:      layout_loops_ring
D:3:      cheibrodos_fertilizer, layout_basic, amcnicky_altar_gilded,
          nicolae_overflow_crystal_walls, guppyfry_early_lair_pool, uniq_robin,
          uniq_ijyb

Skill      XL: |  1  2  3  4 |
---------------+-------------+-----
Fighting       | 3 |  3.0
Ranged Weapons | 5 6 |  6.4
Dodging        | |  2.1
Stealth        | |  0.7

Action                   |  1- 3 |  4- 6 || total
-------------------------+-------+-------++-------
 Fire: Shortbow          |   120 |    40 ||   160
Armor: Leather armour    |    16 |     3 ||    19
Dodge: Dodged            |    48 |    15 ||    63
